 Dungeon Crawl Stone Soup version 0.31-a0-1074-g0b22e4e0f1 (webtiles) character file.

Game seed: 8751039263528824995

84 Jeffwins the Shooter (level 4, -3/36 HPs)
             Began as an Armataur Hunter on Nov 27, 2023.
             Succumbed to poison (dark miasma)
             ... on level 3 of the Dungeon.
             The game lasted 00:02:03 (1637 turns).

Jeffwins the Shooter (Armataur Hunter)              Turns: 1637, Time: 00:02:03

Health: -3/36      AC:  6    Str: 17    XL:     4   Next: 24%
Magic:  4/4        EV:  9    Int: 11    God:
Gold:   181        SH:  0    Dex: 13    Spells: 3/3 levels left

rFire   . . .        a - +0 shortbow
rCold   . . .        (shield currently unavailable)
rNeg    . . .        c - +0 leather armour
rPois   .            j - +2 hat
rElec   .            (no cloak)
rCorr   .            (no gloves)
SInv    .            (no barding)
Will    .....        (no amulet)
Stlth   +            (no ring)
HPRegen 0.26/turn    (no ring)
MPRegen 0.09/turn

%: roll
@: lethally poisoned (-3 -> -31), wreathed by umbra
A: large, deformed body, tough skin 3, armoured tail, roll 1, long tongue
a: no special abilities


You were on level 3 of the Dungeon.
You visited 1 branch of the dungeon, and saw 3 of its levels.

You collected 181 gold pieces.


Innate Abilities, Weirdness & Mutations

Armour fits poorly on your strangely shaped body.
You have extremely tough skin. (AC +3)
You have a long armoured tail.
You roll when moving toward enemies. (Rampage)
Your long tongue fully drains potion bottles. (2x potion effects)


   Skills:
 - Level 1.7 Fighting
 * Level 4.3 Ranged Weapons
 - Level 1.3 Dodging
 - Level 1.1 Stealth


You had 3 spell levels left.
You didn't know any spells.
Your spell library was empty.

Inventory:

Hand Weapons
 a - a +0 shortbow (weapon)
 k - a +2 whip of draining
Armour
 c - a +0 leather armour (worn)
 j - a +2 hat (worn)
Jewellery
 F - a ring of fire
Scrolls
 b - a scroll of butterflies
 d - 2 scrolls of enchant armour {unknown}
 f - a scroll of identify {@r1}
 g - 2 scrolls of immolation {unknown}
 h - a scroll of blinking
 i - a scroll of fear {unknown}
 m - a scroll of vulnerability {!r}
 n - a scroll of teleportation {@r4}
 p - a scroll of torment {unknown}
Potions
 e - a potion of curing {unknown}
 o - a potion of lignification {unknown}

Dungeon Overview and Level Annotations

Branches:
Dungeon (3/15)

Altars:
Elyvilon
Wu Jian
Yredelemnul
The Shining One

## ### ####
.#####.####..#▒▒▒▒▒
......#......#▒▒A▒▒
...###.####<.#▒▒▒▒▒ ..##
### ##.#▒§.§▒ .## #.#▒.⚑.▒
.# #.#▒§.§▒ .# #.#▒.@.▒
+## #####.#▒§.§▒ ..##
#.....#▒...▒ ...##
#.###.#▒▒'▒▒# .### ....##
#.#.#.#.....#.....
.....###..............#
.....'.......#^....#......
.....###....##▒▒'▒▒##$#...
....## #....># ... .# .#


You could see a profane servitor.


Message History

Okay, then.
Found a stone staircase leading down.
You open the door.
There is an open door here.
You hear the slow rusting of a very distant drain.
There is an open door here.
Found 17 gold pieces.
You open the door.
Found 10 gold pieces.
Found a basalt altar of Yredelemnul.
You open the door.
Found a glowing golden altar of the Shining One.
There is an open door here.
You are engulfed in dark miasma.
You are poisoned.
You feel very sick.
You see here 10 gold pieces.
Unknown command.
Unknown command.
You now have 181 gold pieces (gained 10).
You are engulfed in dark miasma.
You are lethally poisoned!
* * * LOW HITPOINT WARNING * * *
You feel extremely sick.
Unknown command.
Unknown command.
* * * LOW HITPOINT WARNING * * *
You feel extremely sick.
It was a potion of cancellation.
You feel magically purged.
You slurp down every last drop of the potion of cancellation!
You die...

Skill      XL: |  1  2  3 |
---------------+----------+-----
Ranged Weapons | 3 4 |  4.3
Fighting       | |  1.7
Dodging        | |  1.3
Stealth        | |  1.1

Action                     |  1- 3 |  4- 6 || total
---------------------------+-------+-------++-------
   Fire: Shortbow          |   122 |    24 ||   146
    Use: Scroll            |       |     4 ||     4
         Potion            |       |     1 ||     1
 Armour: Leather armour    |    42 |    17 ||    59
  Dodge: Dodged            |    35 |     7 ||    42

Levels and vault maps discovered:
D:1:      giann_wishing_wells, layout_loops_ring
D:2:      layout_rooms, basic_altar
D:3:      cheibrodos_pilgrimage, layout_loops_corners,
          grunt_temple_overflow_holy_war, old_standard_altar, serial_shops,
          shop, portal_sewer_entry_e, nicolae_half_adder

Notes
Turn   | Place    | Note
-------+----------+-------------------------------------------
     0 | D:1      | Jeffwins the Armataur Hunter began the quest for the Orb.
     0 | D:1      | Reached XP level 1. HP: 17/17 MP: 1/1
    34 | D:1      | Reached skill level 3 in Ranged Weapons
   132 | D:1      | Reached XP level 2. HP: 8/24 MP: 2/2
   866 | D:2      | Reached XP level 3. HP: 17/29 MP: 3/3
   997 | D:2      | Reached skill level 4 in Ranged Weapons
  1214 | D:2      | Found a white marble altar of Elyvilon.
  1230 | D:2      | Reached XP level 4. HP: 36/36 MP: 4/4
  1554 | D:3      | Found an ornate altar of the Wu Jian Council.
  1620 | D:3      | Found a basalt altar of Yredelemnul.
  1623 | D:3      | Found a glowing golden altar of the Shining One.
  1628 | D:3      | Noticed a profane servitor
  1636 | D:3      | HP: 3/36 [poison (dark miasma)]
  1637 | D:3      | Succumbed to poison (dark miasma)

Vanquished Creatures
  4 adders
  2 worms (D:2)
  A dart slug (D:2)
  2 endoplasms
  A giant cockroach (D:1)
  3 hobgoblins
  3 jackals (D:2)
  4 quokkas
  3 ball pythons (D:1)
  5 bats
  5 frilled lizards
  2 goblins
  2 kobolds
  5 rats
42 creatures vanquished.

Table legend: (Time is in decaauts)
 A = Elapsed time spent in this place.
 B = Non-inter-level travel time spent in this place.
 C = Inter-level travel time spent in this place.
 D = Time resting spent in this place.
 E = Time spent auto-exploring this place.
 F = Levels seen in this place.
 G = Mean time per level.
                   A        B        C        D        E       F      G
               +--------+--------+--------+--------+--------+-----+--------+
         Total |   1672 |   1611 |     61 |      0 |   1281 |   3 |  557.3 |
       Dungeon |   1672 |   1611 |     61 |      0 |   1281 |   3 |  557.3 |
               +--------+--------+--------+--------+--------+-----+--------+

Top non-repeatable levels by time:
     D:1: 805 daAuts
     D:2: 682 daAuts
     D:3: 185 daAuts

Table legend:
 A = Non-vault XP
 B = Vault XP
 C = Vault XP percentage of total XP
 D = Non-vault monster count
 E = Vault monster count
 F = Vault count percentage of total count
                 A         B        C        D         E       F
            +---------+---------+-------+---------+---------+-------
      Total |     121 |       0 |   0.0 |      42 |       0 |   0.0
            +---------+---------+-------+---------+---------+-------
        D:1 |      28 |       0 |   0.0 |      19 |       0 |   0.0
        D:2 |      75 |       0 |   0.0 |      19 |       0 |   0.0
        D:3 |      18 |       0 |   0.0 |       4 |       0 |   0.0
            +---------+---------+-------+---------+---------+-------
